Map: 莱瑞拉克之冠

Players

Quail

  • Race: Protoss Protoss
  • League: Diamond

八爷 - Winner!

  • Race: Zerg Zerg
  • League: Diamond

VOD

Have the link to the VOD?

Description

Time

  • Played on: Dec. 6, 2015, 9:24 a.m.
  • Length: 16:41
Show
View Real Time Build Order
Export as new Build Order

Quail Protoss 

Build Orders: 1 Gate Expand 

Get SALT Encoding   

  12  0:01  Probe (Chrono Boost)  
  13  0:11  Probe (Chrono Boost)  
  14  0:17  Pylon  
  14  0:22  Probe (Chrono Boost)  
  15  0:36  Probe (Chrono Boost)  
  15  0:38  Gateway  
  16  0:46  Probe (Chrono Boost)  
  16  0:48  Assimilator  
  18  0:57  Probe (Chrono Boost)  
  18  1:19  Nexus  
  18  1:22  Probe (Chrono Boost)  
  19  1:34  Cybernetics Core  
  19  1:37  Probe (Chrono Boost)  
  20  1:48  Pylon  
  20  1:50  Probe (Chrono Boost)  
  21  1:54  Assimilator  
  21  2:01  Probe (Chrono Boost)  
  22  2:11  Adept  
  22  2:13  Mothership Core (Chrono Boost)  
  26  2:22  Warp Gate  
  26  2:31  Probe (Chrono Boost)  
  28  2:37  Probe (Chrono Boost)  
  28  2:38  Adept  
  28  2:42  Probe (Chrono Boost)  
  31  2:48  Probe (Chrono Boost)  
  32  2:52  Probe (Chrono Boost)  
  32  2:56  Gateway  
  32  2:58  Probe (Chrono Boost)  
  34  3:03  Probe (Chrono Boost)  
  35  3:09  Robotics Facility  
  35  3:14  Probe x2 (Chrono Boost)  
  37  3:25  Probe x2 (Chrono Boost)  
  39  3:34  Pylon  
  37  3:35  Probe (Chrono Boost)  
  37  3:36  Probe (Chrono Boost), Assimilator  
  37  3:39  Sentry  
  41  3:44  Pylon  
  41  3:46  Probe x2 (Chrono Boost)  
  45  3:49  Sentry  
  45  3:56  Pylon  
  45  3:57  Probe (Chrono Boost)  
  46  4:06  Gateway  
  46  4:07  Gateway  
  46  4:10  Probe (Chrono Boost)  
  46  4:12  Warp Prism  
  46  4:15  Sentry  
  51  4:19  Probe (Chrono Boost)  
  51  4:21  Probe (Chrono Boost)  
  51  4:23  Assimilator  
  53  4:29  Probe (Chrono Boost)  
  54  4:32  Probe (Chrono Boost)  
  54  4:36  Pylon  
  55  4:40  Probe (Chrono Boost)  
  55  4:45  Gateway  
  56  4:56  Stalker  
  58  5:08  Adept x3  
  58  5:13  Pylon  
  64  5:17  Immortal (Chrono Boost)  
  68  5:26  Probe x2 (Chrono Boost)  
  68  5:28  Robotics Bay  
  70  5:34  Pylon  
  70  5:37  Stalker x3, Pylon  
  76  5:51  Adept  
  76  5:52  Adept  
  76  5:56  Immortal (Chrono Boost)  
  84  5:58  Probe  
  84  6:00  Probe  
  84  6:09  Probe  
  85  6:16  Stargate  
  85  6:20  Pylon  
  85  6:22  Forge  
  85  6:25  Gravitic Drive  
  85  6:30  Disruptor (Chrono Boost), Zealot  
  85  6:31  Zealot  
  92  6:44  Stalker  
  92  6:45  Stalker x2  
  98  6:53  Twilight Council  
  98  6:56  Pylon  
  98  7:01  Nexus  
  97  7:08  Disruptor (Chrono Boost), Pylon  
  97  7:11  Pylon  
  97  7:14  Probe  
  99  7:15  Probe  
  99  7:21  Void Ray  
  103  7:24  Protoss Ground Weapons Level 1 (Chrono Boost)  
  103  7:37  Adept x5  
  105  7:46  Pylon  
  105  7:48  Gateway  
  103  7:56  Disruptor (Chrono Boost)  
  106  8:01  Robotics Facility  
  106  8:09  Void Ray  
  110  8:16  Resonating Glaives  
  110  8:18  Adept x3  
  115  8:25  Pylon  
  115  8:27  Pylon  
  115  8:31  Disruptor (Chrono Boost)  
  118  8:40  Gateway  
  118  8:42  Photon Cannon  
  118  8:45  Photon Cannon  
  118  8:46  Probe  
  118  8:47  Probe  
  121  8:57  Observer (Chrono Boost)  
  121  9:02  Probe  
  121  9:03  Probe, Fleet Beacon  
  121  9:04  Probe  
  124  9:11  Adept x3  
  130  9:21  Observer (Chrono Boost)  
  130  9:22  Protoss Ground Weapons Level 2  
  132  9:24  Observer (Chrono Boost), Void Ray  
  132  9:27  Probe  
  132  9:28  Probe  
  132  9:30  Assimilator  
  138  9:35  Assimilator  
  138  9:43  Adept  
  148  9:53  Immortal (Chrono Boost)  
  148  9:56  Adept x4  
  148  9:58  Immortal (Chrono Boost)  
  152  10:11  Probe  
  152  10:13  Probe  
  154  10:17  Pylon  
  154  10:20  Pylon  
  152  10:23  Stalker  
  152  10:24  Stalker  
  152  10:27  Pylon  
  160  10:35  Photon Cannon  
  160  10:36  Immortal (Chrono Boost)  
  160  10:40  Photon Cannon  
  160  10:41  Stalker  
  162  10:43  Stalker  
  164  10:55  Adept x2  
  171  10:58  Disruptor (Chrono Boost)  
  171  11:07  Adept x4  
  179  11:19  Pylon  
  179  11:21  Gateway  
  179  11:23  Gateway  
  179  11:41  Immortal (Chrono Boost)  
  179  11:46  Immortal (Chrono Boost)  
  187  11:55  Adept  
  147  12:13  Stalker x4  
  147  12:15  Disruptor (Chrono Boost)  
  141  12:24  Disruptor (Chrono Boost)  
  141  12:31  Stalker x3  
  147  12:37  Tempest  
  141  12:46  Immortal (Chrono Boost)  
  106  13:02  Immortal (Chrono Boost)  
  92  13:20  Immortal (Chrono Boost)  
  92  13:24  Stargate  
  92  13:25  Stargate  
  92  13:28  Tempest (Chrono Boost)  
  96  13:37  Immortal  
  96  13:40  Robotics Facility  
  106  13:59  Nexus  
  106  14:06  Immortal  
  110  14:20  Tempest (Chrono Boost)  
  114  14:30  Pylon  
  114  14:43  Tempest (Chrono Boost)  
  114  14:44  Sentry  
  120  14:55  Tempest (Chrono Boost)  
  60  15:58  Adept x3  
Show
View Real Time Build Order
Export as new Build Order

八爷 Zerg - Winner!

Build Orders: Hatch First, Lurkers 

Get SALT Encoding   

  12  0:01  Drone  
  13  0:08  Drone  
  14  0:16  Overlord  
  14  0:35  Drone x3  
  17  0:47  Drone  
  18  0:59  Drone  
  18  1:01  Hatchery  
  18  1:05  Extractor  
  17  1:16  Spawning Pool  
  17  1:17  Drone  
  17  1:21  Drone  
  18  1:29  Drone  
  19  1:40  Overlord  
  19  2:03  Queen, Zergling x4  
  19  2:06  Metabolic Boost  
  23  2:12  Queen  
  23  2:13  Drone x2  
  27  2:23  Drone x2  
  29  2:34  Drone x2  
  31  2:44  Overlord  
  31  2:45  Overlord  
  31  2:56  Zergling x4  
  32  3:05  Zergling x2  
  32  3:07  Drone  
  32  3:11  Drone x2  
  36  3:17  Spore Crawler  
  36  3:18  Zergling x4  
  36  3:32  Drone  
  36  3:33  Drone x4  
  41  3:39  Drone, Queen  
  41  3:41  Drone  
  46  3:42  Roach Warren  
  45  3:52  Drone  
  45  3:54  Drone  
  47  3:59  Hatchery  
  47  4:01  Drone  
  47  4:02  Drone  
  47  4:07  Extractor x2  
  45  4:10  Lair  
  45  4:11  Drone x2  
  45  4:12  Drone  
  48  4:18  Evolution Chamber  
  48  4:20  Evolution Chamber, Drone  
  47  4:25  Drone x3  
  47  4:28  Roach  
  52  4:37  Spore Crawler  
  51  4:38  Spore Crawler  
  51  4:40  Drone x2  
  51  4:42  Overlord  
  52  4:52  Zerg Melee Weapons Level 1  
  52  4:53  Zerg Ground Armor Level 1  
  52  4:59  Overlord x2  
  52  5:06  Drone  
  53  5:07  Drone x3  
  53  5:12  Drone  
  53  5:14  Drone, Hydralisk Den  
  57  5:25  Drone x2  
  57  5:26  Spire  
  58  5:28  Drone  
  58  5:29  Extractor  
  58  5:36  Queen  
  58  5:37  Drone  
  58  5:39  Drone  
  58  5:41  Overseer  
  62  5:43  Overseer  
  62  5:46  Drone x2  
  60  5:57  Ravager  
  61  6:05  Drone  
  61  6:06  Drone x10  
  61  6:10  Drone  
  73  6:18  Spore Crawler, Drone  
  72  6:21  Lurker Den  
  73  6:26  Glial Reconstitution  
  73  6:28  Overlord x2  
  73  6:32  Pneumatized Carapace  
  73  6:41  Extractor  
  73  6:43  Extractor  
  71  6:50  Hatchery  
  70  6:57  Roach x6  
  70  7:01  Overlord x4  
  82  7:10  Overlord x2  
  82  7:22  Infestation Pit  
  81  7:23  Hydralisk x5  
  81  7:24  Hydralisk x2  
  95  7:45  Zerg Melee Weapons Level 2  
  95  7:46  Zerg Ground Armor Level 2  
  95  7:49  Drone x4  
  99  7:55  Drone x4  
  103  8:03  Lurker x3  
  103  8:05  Hatchery  
  105  8:06  Drone x2  
  105  8:07  Drone  
  105  8:12  Zergling x10  
  113  8:15  Lurker  
  113  8:18  Drone x3  
  117  8:37  Muscular Augments  
  117  8:40  Hive  
  117  8:41  Drone  
  117  8:42  Drone  
  117  8:44  Drone x7, Extractor  
  117  8:45  Drone, Queen, Extractor  
  127  8:54  Mutalisk  
  127  8:55  Mutalisk x3  
  135  9:04  Overlord x2  
  135  9:05  Overlord x2  
  135  9:06  Zergling x2  
  136  9:16  Overlord x2  
  136  9:19  Roach x3  
  142  9:30  Spore Crawler  
  141  9:32  Spine Crawler x2  
  141  9:34  Zerg Flyer Weapons Level 1  
  141  9:36  Mutalisk x3  
  141  9:37  Mutalisk  
  141  9:38  Zergling x4  
  148  9:39  Zergling x20  
  148  9:41  Drone x2  
  148  9:43  Overlord  
  161  10:08  Zerg Ground Armor Level 3, Zerg Melee Weapons Level 3  
  161  10:12  Ultralisk Cavern  
  161  10:13  Pathogen Glands  
  160  10:21  Ravager x2  
  160  10:22  Overlord, Ravager  
  160  10:23  Overlord  
  160  10:25  Mutalisk  
  160  10:27  Drone x2  
  167  10:29  Extractor  
  166  10:44  Ravager  
  167  10:58  Overseer  
  160  11:07  Baneling Nest  
  160  11:10  Chitinous Plating  
  171  11:11  Ultralisk x3  
  171  11:13  Ultralisk  
  171  11:15  Zergling x8  
  171  11:16  Zergling x24  
  199  11:21  Extractor  
  178  11:56  Ultralisk x3  
  178  11:59  Overseer  
  144  12:15  Ultralisk x4  
  140  12:16  Zergling x2  
  140  12:17  Zergling x26  
  138  12:23  Zergling x2  
  138  12:27  Zergling x6  
  142  12:33  Corruptor  
  144  12:41  Adrenal Glands  
  144  12:42  Roach x5  
  144  12:47  Roach x2  
  144  12:49  Zergling x2  
  144  12:50  Zergling x4  
  139  12:56  Roach x4  
  144  12:59  Roach x2  
  144  13:00  Zergling x2  
  142  13:07  Zergling x2  
  142  13:08  Zergling x4  
  142  13:12  Zergling x4  
  147  13:17  Viper x2  
  147  13:18  Viper  
  157  13:20  Zergling x4  
  157  13:26  Zerg Missile Weapons Level 1  
  158  13:32  Ultralisk x2  
  158  13:33  Zergling x4  
  172  14:19  Hatchery  
  171  14:28  Ultralisk  
  171  14:29  Overlord x2  
  171  14:30  Zergling x10  
  182  14:33  Overlord x5  
  182  14:38  Overseer  
  182  14:40  Overseer  
  182  15:02  Zergling x2  
  182  15:03  Zergling x28  
  178  15:26  Zergling x2  
  178  15:27  Zergling x18  
  183  15:36  Corruptor x5  
  193  15:45  Overlord  
  193  15:47  Corruptor x3  
  183  16:14  Hatchery  
Tags
 
Add a new tag
Caveats
  • Supply blocks, unpowered buildings, or Contaminate may cause inaccurate times.
  • Supply counts are checked every 10 seconds.